 Dungeon Crawl Stone Soup version 0.29-a0-221-gceb61267dd (webtiles) character file.

Game seed: 2618924396946182136

164 anonymouscript the Slasher (level 5, -3/42 HPs)
             Began as a Human Fighter on Feb 27, 2022.
             Killed from afar by an electric eel (6 damage)
             ... with a bolt of electricity
             ... on level 4 of the Dungeon.
             The game lasted 00:05:17 (2126 turns).

anonymouscript the Slasher (Human Fighter)          Turns: 2126, Time: 00:05:18

Health: -3/42      AC: 11    Str: 18    XL:     5   Next: 73%
Magic:  5/5        EV:  5    Int:  9    God:
Gold:   82         SH:  5    Dex: 18    Spells: 4/4 levels left

rFire   . . .      SeeInvis .   a - +0 long sword
rCold   . . .      Faith    .   c - +0 buckler
rNeg    . . .      Spirit   .   j - +0 plate armour
rPois   .          Reflect  .   (no helmet)
rElec   .          Harm     .   (no cloak)
rCorr   +          Rampage  .   (no gloves)
Will    .....                   (no boots)
Stlth   ..........              (no amulet)
HPRegen 0.14/turn               g - ring of resist corrosion
MPRegen 0.09/turn               m - +6 ring of dexterity

@: no status effects
A: no striking features
a: no special abilities


You were on level 4 of the Dungeon.
You visited 1 branch of the dungeon, and saw 4 of its levels.

You collected 82 gold pieces.

Inventory:

Hand Weapons
 a - a +0 long sword (weapon)
Missiles
 n - 2 boomerangs (quivered)
 p - 14 stones
Armour
 b - a +0 scale mail
 c - a +0 buckler (worn)
 j - a +0 plate armour (worn)
 o - an orb of guile
Jewellery
 g - a ring of resist corrosion (left hand)
 m - a +6 ring of dexterity (right hand)
Wands
 t - a wand of flame (19)
Scrolls
 d - a scroll of torment
 f - a scroll of vulnerability {unknown}
 h - a scroll of fear {unknown}
 i - 3 scrolls of identify {unknown}
 q - a scroll of fog {unknown}
Potions
 e - 3 potions of curing {unknown}
 k - a potion of invisibility {unknown}
 l - a potion of ambrosia {unknown}
 r - a potion of cancellation {unknown}
 s - a potion of berserk rage {unknown}


   Skills:
 + Level 3.6 Fighting
 + Level 4.0 Long Blades
 + Level 3.8 Armour
 + Level 0.7 Dodging
 + Level 3.3 Shields


You had 4 spell levels left.
You didn't know any spells.
Your spell library contained the following spells:

 Spells                   Type           Power      Damage    Failure   Level
 Ensorcelled Hibernation  Hex/Ice        0%         N/A       100%        2
 Leda's Liquefaction      Hex/Erth       0%         N/A       100%        4
 Lee's Rapid Deconstruct  Erth           0%         3d5*      100%        5
 Statue Form              Tmut/Erth      0%         N/A       100%        6
 Enfeeble                 Hex            0%         N/A       100%        7


Dungeon Overview and Level Annotations

Branches:
Dungeon (4/15)
 Temple: D:4-7

Altars:


Message History

You see here an adder corpse.
You see here 14 stones.
You see here 14 stones.
p - 14 stones Done exploring.
Done exploring.
(D) Dungeon
Where to? (? - help)
There is a stone staircase leading down here.
You climb downwards.
Found a scroll labelled AXTUSU ERHA.
There is a stone staircase leading up here.
q - a scroll labelled AXTUSU ERHA You open the door.
Found a stone staircase leading down.
There is an open door here.
Found a wand of flame (19).
Found a fizzy ruby potion.
Found a transporter.
r - a lumpy brown potion
Found a stone staircase leading up.
s - a fizzy ruby potion
There is a transporter here.
You enter the transporter and appear at another place.
Found 9 gold pieces.
t - a wand of flame (19) As you open the door, it creaks loudly!
The electric eel shoots out a bolt of lightning at you!
The bolt of electricity hits you! x2; The bolt of electricity hits the plant!
The plant begins to die.
There is an open door here.
The electric eel shoots out a bolt of lightning at you!
The bolt of electricity hits you. x2
The electric eel shoots out a bolt of lightning at you!
The bolt of electricity hits you!
* * * LOW HITPOINT WARNING * * *
You slash the electric eel!
The electric eel is severely wounded.
The electric eel shoots out a bolt of lightning at you!
The bolt of electricity hits you.
You die...

.........+.........+
#.#...#.##.........#
#..#.#...##.....>.##
#.....©.........##
#..#######.#.......
#<.#8.©.8#.##..####
#..#P...P#.##..#
#..###'###.##..#
##.#S@..≈#.##..#
#.#S...≈#.#
#.#≈...≈#....
#.#≈.♣.≈#.#..
#.#≈...≈#r##.
#.#≈...≈#...
#.#≈...≈#.##.
#.###+###.#


You could see 2 electric eels and a quokka.

Vanquished Creatures
  A necrophage (D:3)
  3 adders (D:3)
  2 dart slugs
  2 orcs (D:3)
  2 bats (D:3)
  An endoplasm (D:1)
  A giant cockroach (D:3)
  3 goblins
  3 hobgoblins
  2 jackals (D:1)
  4 quokkas
  5 ball pythons
  2 frilled lizards (D:1)
  9 kobolds (D:1)
  3 rats
43 creatures vanquished.

Vanquished Creatures (others)
  11 plants (D:1)
11 creatures vanquished.

Grand Total: 54 creatures vanquished

Notes
Turn   | Place    | Note
-------+----------+-------------------------------------------
     0 | D:1      | anonymouscript the Human Fighter began the quest for the
                  | Orb.
     0 | D:1      | Reached XP level 1. HP: 18/18 MP: 1/1
   178 | D:1      | Reached XP level 2. HP: 24/24 MP: 2/2
   723 | D:1      | Reached XP level 3. HP: 27/29 MP: 3/3
   833 | D:1      | Got the Handbook of Glacial Bewitchment
  1182 | D:2      | Found a faded altar of an unknown god.
  1329 | D:3      | Reached XP level 4. HP: 28/35 MP: 4/4
  1464 | D:3      | Reached skill level 3 in Long Blades
  1731 | D:3      | Noticed a necrophage
  1890 | D:3      | Killed a necrophage
  1891 | D:3      | Reached skill level 4 in Long Blades
  1891 | D:3      | Reached XP level 5. HP: 29/41 MP: 5/5
  2109 | D:4      | Found a transporter.
  2126 | D:4      | Killed from afar by an electric eel

Illustrated notes

Levels and vault maps discovered:
D:1:      lightli_arrival_flooded_house, layout_loops_ring,
          lexackson_kobold_supper
D:2:      layout_rooms, dreamdust_ecumenical_altar_grove,
          nicolae_concentric_dashed_squares_mild, minmay_misc_feat_room
D:3:      layout_rooms, hangedman_decor_growths
D:4:      gammafunk_steamed_eel, layout_loops_corners, serial_glass,
          glass_columns_c, glass_columns_a, glass_columns_a, glass_columns_a,
          glass_columns_c, glass_columns_a, ebering_ghost_sewer_d, minivault_4,
          uniq_grinder, uniq_sigmund

Skill      XL: |  1  2  3  4 |
---------------+-------------+-----
Long Blades    | 4 |  4.0
Fighting       | |  3.6
Armour         | |  3.8
Dodging        | |  0.7
Shields        | |  3.3

Action                   |  1- 3 |  4- 6 || total
-------------------------+-------+-------++-------
Melee: Long sword        |   105 |    35 ||   140
  Use: Potion            |     1 |       ||     1
       Scroll            |       |     1 ||     1
Armor: Scale mail        |    28 |       ||    28
       Plate armour      |    47 |    36 ||    83
Dodge: Dodged            |    40 |     8 ||    48
Block: Buckler           |    26 |     6 ||    32

Table legend: (Time is in decaauts)
 A = Elapsed time spent in this place.
 B = Non-inter-level travel time spent in this place.
 C = Inter-level travel time spent in this place.
 D = Time resting spent in this place.
 E = Time spent auto-exploring this place.
 F = Levels seen in this place.
 G = Mean time per level.
                   A        B        C        D        E       F      G
               +--------+--------+--------+--------+--------+-----+--------+
         Total |   2170 |   2091 |     79 |    422 |   1101 |   4 |  542.5 |
       Dungeon |   2170 |   2091 |     79 |    422 |   1101 |   4 |  542.5 |
               +--------+--------+--------+--------+--------+-----+--------+

Top non-repeatable levels by time:
     D:1: 1208 daAuts
     D:3: 765 daAuts
     D:4: 169 daAuts
     D:2: 26 daAuts
